[ AOE2 MATCH · #479270621 ]
UnrankedPersians vs Teutons
[ REPLAY ANALYSIS · EXTRACTED FROM THE RECORDED GAME ]
Feudal
11:20
Castle
16:06
Imperial
32:38
| APM avg | 22.8 |
| APM peak | 76 |
| eAPM avg | 9.9 |
| Villagers / military | 108 / 96 |
Focus
⚔️ 24.3% · 🌾 75.7%
Knight ×91 · Battering Ram ×5
Feudal
11:02
Castle
16:37
Imperial
29:33
| APM avg | 35.3 |
| APM peak | 73 |
| eAPM avg | 14.5 |
| Villagers / military | 119 / 48 |
Focus
⚔️ 21.0% · 🌾 79.0%
Knight ×29 · Teutonic Knight ×12 · Scout Cavalry ×6 · Monk ×1
Feudal
11:09
Castle
15:32
Imperial
—
| APM avg | 16.4 |
| APM peak | 35 |
| eAPM avg | 10.3 |
| Villagers / military | 138 / 41 |
Focus
⚔️ 22.1% · 🌾 77.9%
Skirmisher ×33 · Scout Cavalry ×6 · Gbeto ×2
Feudal
11:23
Castle
14:50
Imperial
—
| APM avg | 32.3 |
| APM peak | 82 |
| eAPM avg | 9.7 |
| Villagers / military | 58 / 43 |
Focus
⚔️ 24.8% · 🌾 75.2%
Conquistador ×43
Feudal
10:56
Castle
14:26
Imperial
27:08
| APM avg | 30.3 |
| APM peak | 72 |
| eAPM avg | 16.7 |
| Villagers / military | 127 / 198 |
Focus
⚔️ 42.7% · 🌾 57.3%
Militia ×85 · Archer ×65 · Composite Bowman ×25 · Trebuchet (Packed) ×10 · Mangonel ×5 · Warrior Priest ×4
Feudal
14:06
Castle
17:39
Imperial
22:04
| APM avg | 32.3 |
| APM peak | 92 |
| eAPM avg | 16.0 |
| Villagers / military | 74 / 72 |
Focus
⚔️ 29.1% · 🌾 70.9%
Camel Scout ×40 · Knight ×25 · Bombard Cannon ×6 · Battering Ram ×1
Feudal
12:02
Castle
15:37
Imperial
33:27
| APM avg | 16.5 |
| APM peak | 41 |
| eAPM avg | 9.4 |
| Villagers / military | 80 / 111 |
Focus
⚔️ 35.3% · 🌾 64.7%
Knight ×75 · Coustillier ×32 · Petard ×3 · Monk ×1
Feudal
10:39
Castle
15:00
Imperial
36:54
| APM avg | 24.9 |
| APM peak | 132 |
| eAPM avg | 15.9 |
| Villagers / military | 102 / 139 |
Focus
⚔️ 30.9% · 🌾 69.1%
Serjeant ×64 · Skirmisher ×59 · Spearman ×10 · Battering Ram ×6
Match map
Initial resources + every placement click. Lines = walls · curves = elevation contours. ◆ gold · ⬟ stone · ● berries · ✦ relic · ◌ wall gap
Your base· ✓ Closed at 16:06 · 0t walls · 2 gate(s)
JAGR | Rojnar's base· ✓ Closed at 16:37 · 0t walls · 2 gate(s)
PJtheDcoy's base· ✓ Closed at 15:32 · 0t walls · 2 gate(s)
aoelot's base· ✓ Closed at 14:50 · 0t walls · 3 gate(s)
Quando's base· ✓ Closed at 14:26 · 4t walls · 3 gate(s)
cosmolot's base· ✓ Closed at 17:39 · 0t walls · 2 gate(s)
Relief's base· ✓ Closed at 15:37 · 0t walls · 3 gate(s)
Heztai's base· ✓ Closed at 15:00 · 0t walls · 3 gate(s)
Smoothed initial terrain · ◌ = detected wall gap · hover for details
Inputs per minute
— Fr4ggi - - JAGR | Rojnar
Build order — Fr4ggi
First 150 of 297 actions detected
| 0:01 | Queue | Villager (Male) |
| 0:04 | Build | House |
| 0:06 | Build | House |
| 0:37 | Queue | Villager (Male) |
| 0:37 | Queue | Villager (Male) |
| 1:09 | Queue | Villager (Male) |
| 1:09 | Queue | Villager (Male) |
| 2:03 | Build | Lumber Camp |
| 2:04 | Queue | Villager (Male) |
| 2:14 | Queue | Villager (Male) |
| 2:58 | Queue | Villager (Male) |
| 2:58 | Queue | Villager (Male) |
| 3:17 | Queue | Villager (Male) |
| 3:28 | Queue | Villager (Male) |
| 4:07 | Queue | Villager (Male) |
| 4:14 | Queue | Villager (Male) |
| 4:44 | Build | Mill |
| 4:55 | Build | House |
| 5:42 | Queue | Villager (Male) |
| 5:49 | Queue | Villager (Male) |
| 6:16 | Queue | Villager (Male) |
| 6:19 | Queue | Villager (Male) |
| 6:25 | Build | House |
| 6:54 | Queue | Villager (Male) |
| 7:28 | Queue | Villager (Male) |
| 7:34 | Build | Farm |
| 7:47 | Queue | Villager (Male) |
| 7:52 | Build | Farm |
| 8:08 | Queue | Villager (Male) |
| 8:31 | Queue | Villager (Male) |
| 8:34 | Research | Feudal Age |
| 8:37 | Build | Farm |
| 8:57 | Build | Mining Camp |
| 9:34 | Queue | Villager (Male) |
| 9:44 | Build | House |
| 9:52 | Build | Barracks |
| 10:32 | Build | Farm |
| 10:42 | Queue | Villager (Male) |
| 11:20 | Age | Feudal Age |
| 11:33 | Build | Mill |
| 11:36 | Queue | Villager (Male) |
| 11:57 | Queue | Villager (Male) |
| 12:09 | Build | House |
| 12:41 | Build | Stable |
| 12:52 | Build | Blacksmith |
| 12:55 | Queue | Villager (Male) |
| 13:02 | Queue | Villager (Male) |
| 13:37 | Research | Castle Age |
| 13:49 | Build | Lumber Camp |
| 14:10 | Queue | Villager (Male) |
| 14:24 | Research | Bloodlines |
| 14:45 | Build | House |
| 14:59 | Research | Scale Barding Armor |
| 15:34 | Build | Farm |
| 15:34 | Build | Farm |
| 15:34 | Build | Farm |
| 15:34 | Build | Farm |
| 15:43 | Research | Forging |
| 16:05 | Queue | Villager (Male) |
| 16:06 | Age | Castle Age |
| 16:09 | Queue | Knight |
| 16:18 | Research | Double-Bit Axe |
| 16:31 | Build | Farm |
| 16:34 | Queue | Villager (Male) |
| 16:53 | Build | Farm |
| 17:00 | Build | Farm |
| 17:01 | Build | Farm |
| 17:03 | Queue | Knight |
| 17:10 | Research | Horse Collar |
| 17:15 | Build | Farm |
| 17:18 | Queue | Villager (Male) |
| 17:34 | Build | Farm |
| 17:41 | Queue | Villager (Male) |
| 17:46 | Queue | Knight |
| 17:51 | Build | Farm |
| 17:53 | Queue | Villager (Male) |
| 18:05 | Build | Town Center |
| 18:08 | Queue | Villager (Male) |
| 18:29 | Build | House |
| 18:30 | Build | House |
| 18:40 | Research | Wheelbarrow |
| 19:12 | Research | Husbandry |
| 19:22 | Build | House |
| 19:26 | Build | Farm |
| 19:31 | Build | House |
| 19:34 | Queue | Knight |
| 19:43 | Queue | Villager (Male) |
| 19:51 | Build | House |
| 19:58 | Build | House |
| 20:00 | Build | House |
| 20:10 | Queue | Knight |
| 20:17 | Queue | Villager (Male) |
| 20:17 | Queue | Villager (Male) |
| 20:24 | Build | Farm |
| 20:26 | Build | Farm |
| 20:29 | Build | Farm |
| 20:31 | Queue | Villager (Male) |
| 20:35 | Queue | Villager (Male) |
| 20:35 | Queue | Villager (Male) |
| 20:39 | Research | Gold Mining |
| 21:04 | Queue | Villager (Male) |
| 21:07 | Queue | Villager (Male) |
| 21:31 | Build | House |
| 21:36 | Queue | Villager (Male) |
| 21:39 | Queue | Villager (Male) |
| 21:49 | Queue | Knight |
| 21:56 | Research | Chain Barding Armor |
| 22:00 | Build | Farm |
| 22:07 | Queue | Villager (Male) |
| 22:13 | Build | House |
| 22:16 | Build | Mining Camp |
| 22:19 | Queue | Villager (Male) |
| 22:23 | Build | Farm |
| 22:24 | Queue | Knight |
| 22:32 | Build | Farm |
| 22:34 | Queue | Villager (Male) |
| 22:36 | Queue | Villager (Male) |
| 23:24 | Research | Hand Cart |
| 23:24 | Queue | Villager (Male) |
| 23:32 | Build | Farm |
| 23:34 | Research | Heavy Plow |
| 24:00 | Queue | Villager (Male) |
| 24:05 | Research | Bow Saw |
| 24:30 | Queue | Villager (Male) |
| 24:32 | Queue | Villager (Male) |
| 24:35 | Build | Farm |
| 24:37 | Queue | Knight |
| 24:49 | Build | Mining Camp |
| 24:53 | Queue | Villager (Male) |
| 24:55 | Queue | Knight |
| 24:58 | Research | Iron Casting |
| 25:23 | Build | Farm |
| 25:32 | Build | Stable |
| 25:35 | Build | Stable |
| 25:38 | Research | Gold Shaft Mining |
| 25:40 | Queue | Villager (Male) |
| 25:40 | Queue | Villager (Male) |
| 25:49 | Build | House |
| 25:51 | Build | House |
| 25:54 | Queue | Villager (Male) |
| 25:54 | Queue | Villager (Male) |
| 26:08 | Build | Farm |
| 26:11 | Queue | Villager (Male) |
| 26:18 | Queue | Knight |
| 26:26 | Build | Siege Workshop |
| 26:33 | Build | University |
| 26:38 | Build | Farm |
| 26:40 | Queue | Villager (Male) |
| 26:42 | Queue | Villager (Male) |
| 26:50 | Build | Town Center |
Build order — JAGR | Rojnar
First 150 of 287 actions detected
| 0:01 | Queue | Villager (Male) |
| 0:02 | Queue | Villager (Male) |
| 0:02 | Build | House |
| 0:05 | Build | House |
| 0:15 | Queue | Villager (Male) |
| 0:15 | Queue | Villager (Male) |
| 1:34 | Queue | Villager (Male) |
| 1:46 | Build | Lumber Camp |
| 2:08 | Queue | Villager (Male) |
| 2:08 | Queue | Villager (Male) |
| 2:21 | Queue | Villager (Male) |
| 2:53 | Queue | Villager (Male) |
| 3:26 | Queue | Villager (Male) |
| 3:26 | Queue | Villager (Male) |
| 3:33 | Queue | Villager (Male) |
| 3:55 | Build | House |
| 4:01 | Queue | Villager (Male) |
| 4:01 | Queue | Villager (Male) |
| 4:31 | Queue | Villager (Male) |
| 4:35 | Build | House |
| 4:55 | Queue | Villager (Male) |
| 5:06 | Build | Mill |
| 5:20 | Queue | Villager (Male) |
| 5:38 | Queue | Villager (Male) |
| 6:21 | Queue | Villager (Male) |
| 6:31 | Queue | Villager (Male) |
| 6:53 | Queue | Villager (Male) |
| 6:53 | Queue | Villager (Male) |
| 6:54 | Queue | Villager (Male) |
| 7:17 | Build | Mining Camp |
| 7:52 | Queue | Villager (Male) |
| 8:08 | Build | Mining Camp |
| 8:10 | Build | House |
| 8:45 | Research | Feudal Age |
| 10:01 | Build | Farm |
| 10:05 | Queue | Villager (Male) |
| 10:06 | Queue | Villager (Male) |
| 10:19 | Build | Farm |
| 10:38 | Build | Mill |
| 11:02 | Age | Feudal Age |
| 11:12 | Build | Blacksmith |
| 11:30 | Queue | Villager (Male) |
| 11:33 | Build | House |
| 11:56 | Build | Farm |
| 12:09 | Build | Market |
| 12:13 | Queue | Villager (Male) |
| 12:19 | Build | Farm |
| 12:20 | Build | Farm |
| 12:23 | Queue | Villager (Male) |
| 12:42 | Build | Farm |
| 12:45 | Build | Farm |
| 12:46 | Queue | Villager (Male) |
| 12:57 | Build | House |
| 13:06 | Queue | Villager (Male) |
| 13:30 | Build | House |
| 13:56 | Research | Castle Age |
| 13:56 | Research | Castle Age |
| 14:03 | Build | House |
| 14:32 | Research | Double-Bit Axe |
| 14:39 | Build | House |
| 15:03 | Build | Lumber Camp |
| 15:10 | Build | Barracks |
| 15:50 | Research | Scale Barding Armor |
| 16:07 | Build | Stable |
| 16:14 | Research | Forging |
| 16:17 | Queue | Villager (Male) |
| 16:18 | Queue | Villager (Male) |
| 16:37 | Age | Castle Age |
| 16:43 | Research | Loom |
| 16:44 | Research | Town Watch |
| 16:49 | Queue | Villager (Male) |
| 17:05 | Build | Monastery |
| 17:16 | Build | House |
| 17:22 | Research | Bow Saw |
| 17:36 | Queue | Villager (Male) |
| 17:42 | Queue | Knight |
| 17:59 | Build | Outpost |
| 18:19 | Queue | Monk |
| 18:27 | Queue | Villager (Male) |
| 18:32 | Build | Town Center |
| 18:40 | Build | Outpost |
| 18:46 | Build | Farm |
| 18:46 | Build | Farm |
| 18:48 | Queue | Villager (Male) |
| 19:13 | Build | Farm |
| 19:18 | Build | House |
| 19:20 | Build | House |
| 19:26 | Queue | Villager (Male) |
| 19:29 | Research | Wheelbarrow |
| 19:37 | Build | Farm |
| 19:38 | Build | Farm |
| 19:40 | Build | Farm |
| 19:50 | Queue | Villager (Male) |
| 19:56 | Build | Farm |
| 20:00 | Build | Farm |
| 20:19 | Build | House |
| 20:20 | Queue | Villager (Male) |
| 20:20 | Queue | Villager (Male) |
| 20:20 | Queue | Villager (Male) |
| 20:40 | Queue | Villager (Male) |
| 20:44 | Build | Farm |
| 20:52 | Build | House |
| 20:55 | Queue | Villager (Male) ×2 |
| 20:57 | Build | Farm |
| 21:06 | Build | Town Center |
| 21:19 | Build | Farm |
| 21:19 | Build | Farm |
| 21:22 | Build | House |
| 21:25 | Queue | Villager (Male) ×2 |
| 21:30 | Build | Farm |
| 21:34 | Build | Farm |
| 21:36 | Build | Farm |
| 21:37 | Build | Farm |
| 21:37 | Build | Farm |
| 21:56 | Build | House |
| 21:59 | Build | Farm |
| 22:00 | Queue | Villager (Male) ×3 |
| 22:20 | Build | Farm |
| 22:21 | Queue | Villager (Male) |
| 22:28 | Build | House |
| 22:29 | Queue | Villager (Male) |
| 22:31 | Queue | Villager (Male) |
| 22:52 | Build | Farm |
| 22:52 | Queue | Villager (Male) |
| 22:59 | Build | House |
| 23:02 | Build | Farm |
| 23:06 | Build | Farm |
| 23:06 | Queue | Villager (Male) |
| 23:09 | Build | Farm |
| 23:09 | Queue | Villager (Male) |
| 23:16 | Build | Farm |
| 23:18 | Build | Farm |
| 23:19 | Build | Farm |
| 23:27 | Build | Farm |
| 23:28 | Build | Farm |
| 23:30 | Build | Farm |
| 23:33 | Build | Farm |
| 23:33 | Build | Farm |
| 23:34 | Build | Farm |
| 23:34 | Build | Farm |
| 23:34 | Build | Farm |
| 23:35 | Build | Farm |
| 23:37 | Build | Farm |
| 23:39 | Build | House |
| 23:39 | Queue | Villager (Male) |
| 23:42 | Build | Farm |
| 24:01 | Build | Castle |
| 24:08 | Build | Farm |
| 24:10 | Build | House |
| 24:12 | Queue | Villager (Male) |
Build order — PJtheDcoy
First 150 of 270 actions detected
| 0:00 | Queue | Villager (Male) |
| 0:01 | Queue | Villager (Male) |
| 0:01 | Queue | Villager (Male) |
| 0:01 | Queue | Villager (Male) |
| 0:03 | Build | House |
| 0:04 | Build | House |
| 1:37 | Queue | Villager (Male) |
| 1:54 | Build | Lumber Camp |
| 2:02 | Queue | Villager (Male) |
| 2:20 | Queue | Villager (Male) |
| 2:49 | Queue | Villager (Male) |
| 3:05 | Queue | Villager (Male) |
| 3:24 | Build | House |
| 3:40 | Queue | Villager (Male) |
| 4:00 | Queue | Villager (Male) |
| 4:29 | Queue | Villager (Male) |
| 5:07 | Queue | Villager (Male) |
| 5:07 | Queue | Villager (Male) |
| 5:08 | Queue | Villager (Male) |
| 5:42 | Build | House |
| 6:02 | Build | Mill |
| 6:07 | Queue | Villager (Male) |
| 6:08 | Queue | Villager (Male) |
| 6:08 | Queue | Villager (Male) |
| 7:00 | Build | Mill |
| 7:20 | Build | Mining Camp |
| 7:40 | Queue | Villager (Male) |
| 7:40 | Queue | Villager (Male) |
| 7:40 | Queue | Villager (Male) |
| 7:50 | Build | Mining Camp |
| 8:59 | Research | Feudal Age |
| 9:54 | Queue | Villager (Male) |
| 9:54 | Queue | Villager (Male) |
| 10:00 | Build | House |
| 11:09 | Age | Feudal Age |
| 11:24 | Build | Market |
| 11:27 | Build | Blacksmith |
| 11:34 | Queue | Villager (Male) |
| 12:04 | Build | Farm |
| 12:04 | Build | Farm |
| 12:05 | Build | Farm |
| 12:05 | Build | Farm |
| 12:14 | Queue | Villager (Male) |
| 12:53 | Research | Castle Age |
| 13:16 | Research | Double-Bit Axe |
| 13:28 | Build | House |
| 13:34 | Build | House |
| 13:35 | Build | House |
| 14:50 | Build | House |
| 14:53 | Build | Farm |
| 14:54 | Build | Farm |
| 14:55 | Build | Farm |
| 15:01 | Build | Farm |
| 15:02 | Research | Horse Collar |
| 15:18 | Queue | Villager (Male) |
| 15:18 | Queue | Villager (Male) |
| 15:32 | Age | Castle Age |
| 16:19 | Build | Castle |
| 16:28 | Queue | Villager (Male) |
| 16:29 | Queue | Villager (Male) |
| 16:52 | Build | House |
| 16:53 | Build | House |
| 16:58 | Build | Stone Wall |
| 17:09 | Queue | Villager (Male) |
| 17:10 | Queue | Villager (Male) |
| 17:24 | Build | Town Center |
| 17:29 | Research | Loom |
| 17:31 | Research | Wheelbarrow |
| 17:37 | Research | Gold Mining |
| 17:48 | Build | Gate |
| 17:52 | Build | Stone Wall |
| 18:06 | Build | Barracks |
| 18:14 | Build | Stone Wall |
| 18:17 | Build | Stone Wall |
| 18:18 | Build | Stone Wall |
| 18:30 | Build | Stone Wall |
| 18:37 | Queue | Gbeto |
| 18:37 | Queue | Gbeto |
| 18:47 | Build | Archery Range |
| 19:34 | Queue | Villager (Male) ×5 |
| 19:39 | Research | Elite Skirmisher (upgrade) |
| 19:44 | Build | Archery Range |
| 20:14 | Research | Fletching |
| 20:18 | Build | Farm |
| 20:23 | Build | Farm |
| 20:24 | Build | Farm |
| 20:24 | Build | Farm |
| 20:41 | Queue | Villager (Male) |
| 20:41 | Queue | Villager (Male) |
| 20:46 | Queue | Skirmisher |
| 20:46 | Queue | Skirmisher |
| 20:46 | Queue | Skirmisher |
| 20:46 | Queue | Skirmisher |
| 20:56 | Queue | Villager (Male) |
| 21:16 | Build | Farm |
| 21:20 | Queue | Villager (Male) |
| 21:26 | Queue | Villager (Male) |
| 21:37 | Queue | Skirmisher |
| 21:37 | Queue | Skirmisher |
| 21:41 | Build | Farm |
| 21:48 | Queue | Villager (Male) |
| 21:54 | Build | Farm |
| 21:55 | Build | Farm |
| 22:03 | Build | Farm |
| 22:08 | Queue | Skirmisher |
| 22:08 | Queue | Skirmisher |
| 22:27 | Queue | Skirmisher |
| 22:28 | Queue | Skirmisher |
| 22:31 | Research | Padded Archer Armor |
| 22:33 | Build | Farm |
| 22:43 | Queue | Villager (Male) |
| 22:44 | Queue | Villager (Male) |
| 22:53 | Build | Stone Wall |
| 23:04 | Queue | Skirmisher |
| 23:04 | Queue | Skirmisher |
| 23:37 | Build | Farm |
| 23:41 | Queue | Villager (Male) ×5 |
| 23:50 | Queue | Skirmisher |
| 23:50 | Queue | Skirmisher |
| 24:21 | Build | Farm |
| 24:23 | Queue | Villager (Male) ×5 |
| 24:29 | Build | House |
| 24:30 | Build | House |
| 24:31 | Build | House |
| 24:31 | Build | House |
| 24:32 | Build | House |
| 24:39 | Build | Farm |
| 25:17 | Build | Town Center |
| 25:45 | Build | House |
| 25:45 | Build | House |
| 26:01 | Queue | Skirmisher ×5 |
| 26:01 | Queue | Skirmisher |
| 26:12 | Build | Blacksmith |
| 26:13 | Build | House |
| 26:13 | Build | House |
| 26:21 | Queue | Villager (Male) |
| 26:21 | Queue | Villager (Male) |
| 26:49 | Build | Stone Wall |
| 26:55 | Queue | Skirmisher |
| 26:56 | Queue | Skirmisher |
| 26:56 | Queue | Skirmisher |
| 26:56 | Queue | Skirmisher |
| 27:17 | Research | Hand Cart |
| 27:33 | Build | Lumber Camp |
| 27:39 | Research | Bodkin Arrow |
| 27:49 | Build | University |
| 27:52 | Queue | Villager (Male) |
| 27:52 | Queue | Villager (Male) |
| 27:52 | Queue | Villager (Male) |
| 28:04 | Build | House |
Build order — aoelot
128 actions detected in the replay
| 0:02 | Queue | Villager (Male) ×4 |
| 0:04 | Build | House |
| 0:05 | Build | House |
| 0:07 | Build | House |
| 0:34 | Build | House |
| 1:39 | Queue | Villager (Male) |
| 1:45 | Build | Lumber Camp |
| 2:10 | Queue | Villager (Male) |
| 2:25 | Queue | Villager (Male) |
| 3:09 | Queue | Villager (Male) |
| 3:31 | Queue | Villager (Male) |
| 3:46 | Queue | Villager (Male) |
| 4:11 | Queue | Villager (Male) |
| 5:03 | Queue | Villager (Male) |
| 5:04 | Queue | Villager (Male) |
| 5:16 | Queue | Villager (Male) |
| 5:36 | Queue | Villager (Male) |
| 6:16 | Queue | Villager (Male) |
| 6:40 | Queue | Villager (Male) |
| 6:46 | Queue | Villager (Male) |
| 6:46 | Queue | Villager (Male) |
| 6:47 | Queue | Villager (Male) |
| 7:04 | Queue | Villager (Male) |
| 7:21 | Build | Mill |
| 7:24 | Queue | Villager (Male) |
| 8:07 | Build | Mill |
| 8:29 | Build | Mining Camp |
| 8:40 | Research | Feudal Age |
| 9:16 | Build | House |
| 10:07 | Research | Loom |
| 11:23 | Age | Feudal Age |
| 11:27 | Build | Market |
| 11:31 | Build | Blacksmith |
| 11:53 | Build | Mining Camp |
| 12:10 | Research | Castle Age |
| 12:40 | Research | Double-Bit Axe |
| 13:31 | Research | Horse Collar |
| 14:00 | Queue | Villager (Male) |
| 14:41 | Build | Farm |
| 14:45 | Build | Farm |
| 14:47 | Queue | Villager (Male) |
| 14:50 | Age | Castle Age |
| 15:05 | Build | Farm |
| 15:23 | Build | Castle |
| 15:29 | Queue | Villager (Male) |
| 15:37 | Build | Farm |
| 16:01 | Build | Mining Camp |
| 16:04 | Queue | Villager (Male) |
| 16:14 | Queue | Villager (Male) |
| 16:24 | Build | Farm |
| 16:25 | Queue | Conquistador |
| 16:35 | Queue | Conquistador |
| 17:07 | Queue | Conquistador |
| 17:22 | Build | Farm |
| 17:26 | Build | Farm |
| 17:29 | Build | Farm |
| 17:39 | Queue | Conquistador |
| 18:22 | Queue | Conquistador |
| 18:28 | Build | Farm |
| 18:29 | Build | Farm |
| 19:07 | Queue | Villager (Male) |
| 19:45 | Queue | Conquistador |
| 19:45 | Queue | Conquistador |
| 20:01 | Queue | Conquistador |
| 20:44 | Build | Stone Wall |
| 20:54 | Queue | Conquistador |
| 20:57 | Queue | Villager (Male) |
| 20:57 | Queue | Villager (Male) |
| 21:20 | Build | Lumber Camp |
| 21:39 | Queue | Villager (Male) |
| 21:39 | Queue | Villager (Male) |
| 21:39 | Queue | Villager (Male) |
| 21:48 | Queue | Villager (Male) |
| 21:58 | Queue | Conquistador |
| 22:40 | Queue | Conquistador |
| 22:40 | Queue | Conquistador |
| 22:44 | Queue | Villager (Male) |
| 23:33 | Queue | Conquistador |
| 23:42 | Build | Gate |
| 23:46 | Build | Gate |
| 23:52 | Build | Gate |
| 23:56 | Build | Stone Wall |
| 24:01 | Queue | Villager (Male) |
| 24:01 | Queue | Villager (Male) |
| 24:01 | Queue | Villager (Male) |
| 24:20 | Queue | Conquistador |
| 24:29 | Research | Fletching |
| 24:46 | Queue | Conquistador |
| 25:06 | Queue | Conquistador |
| 25:49 | Queue | Villager (Male) |
| 25:57 | Build | House |
| 25:58 | Build | House |
| 25:59 | Build | House |
| 26:27 | Queue | Conquistador |
| 26:33 | Research | Bodkin Arrow |
| 26:42 | Build | Castle |
| 26:54 | Build | Castle |
| 27:03 | Queue | Villager (Male) |
| 27:03 | Queue | Villager (Male) |
| 27:42 | Build | House |
| 27:44 | Build | House |
| 27:45 | Build | House |
| 27:46 | Build | House |
| 27:46 | Build | House |
| 27:47 | Build | House |
| 27:48 | Build | House |
| 27:51 | Queue | Conquistador ×2 |
| 27:57 | Queue | Villager (Male) |
| 28:57 | Queue | Conquistador ×2 |
| 30:01 | Queue | Conquistador |
| 30:01 | Queue | Conquistador |
| 31:30 | Queue | Villager (Male) |
| 31:30 | Queue | Villager (Male) |
| 31:43 | Build | Stone Wall |
| 31:46 | Queue | Villager (Male) ×5 |
| 31:49 | Queue | Conquistador ×5 |
| 32:17 | Queue | Conquistador ×4 |
| 32:28 | Build | House |
| 32:29 | Build | House |
| 32:35 | Queue | Conquistador |
| 33:52 | Queue | Conquistador ×3 |
| 35:29 | Queue | Villager (Male) ×5 |
| 35:55 | Queue | Conquistador |
| 37:47 | Queue | Conquistador ×3 |
| 38:38 | Queue | Conquistador ×2 |
| 39:13 | Queue | Conquistador |
| 39:15 | Queue | Villager (Male) ×4 |
| 39:20 | Build | Mining Camp |
Build order — Quando
First 150 of 354 actions detected
| 0:00 | Queue | Villager (Male) |
| 0:00 | Queue | Villager (Male) |
| 0:01 | Queue | Villager (Male) |
| 0:01 | Queue | Villager (Male) |
| 0:02 | Build | House |
| 0:04 | Build | House |
| 1:36 | Queue | Villager (Male) |
| 1:47 | Build | Mule Cart |
| 1:57 | Queue | Villager (Male) |
| 2:15 | Queue | Villager (Male) |
| 2:53 | Queue | Villager (Male) |
| 3:06 | Queue | Villager (Male) |
| 3:25 | Build | House |
| 3:26 | Build | House |
| 3:40 | Queue | Villager (Male) |
| 4:07 | Queue | Villager (Male) |
| 4:09 | Queue | Villager (Male) |
| 4:13 | Build | Mill |
| 4:57 | Queue | Villager (Male) |
| 5:15 | Build | Mule Cart |
| 5:19 | Queue | Villager (Male) |
| 5:36 | Queue | Villager (Male) |
| 6:08 | Queue | Villager (Male) |
| 6:31 | Queue | Villager (Male) |
| 6:57 | Queue | Villager (Male) |
| 7:17 | Queue | Villager (Male) |
| 7:42 | Build | House |
| 7:47 | Queue | Villager (Male) |
| 8:09 | Queue | Villager (Male) |
| 8:24 | Research | Feudal Age |
| 8:35 | Build | House |
| 8:38 | Build | Mule Cart |
| 8:49 | Build | Farm |
| 9:04 | Build | Palisade Wall |
| 9:26 | Queue | Villager (Male) |
| 9:26 | Queue | Villager (Male) |
| 10:14 | Build | Farm |
| 10:56 | Age | Feudal Age |
| 10:57 | Build | Market |
| 11:01 | Build | Blacksmith |
| 11:42 | Research | Castle Age |
| 12:25 | Research | Double-Bit Axe |
| 12:26 | Research | Horse Collar |
| 12:33 | Build | Farm |
| 12:36 | Build | Farm |
| 13:13 | Queue | Villager (Male) |
| 14:26 | Age | Castle Age |
| 14:27 | Build | Town Center |
| 14:32 | Build | Monastery |
| 14:36 | Queue | Villager (Male) |
| 14:41 | Build | Town Center |
| 14:53 | Queue | Villager (Male) |
| 15:17 | Build | House |
| 15:19 | Queue | Warrior Priest |
| 15:36 | Queue | Villager (Male) |
| 15:37 | Research | Bow Saw |
| 15:49 | Queue | Villager (Male) |
| 15:49 | Queue | Villager (Male) |
| 15:53 | Build | Farm |
| 16:02 | Queue | Warrior Priest |
| 16:11 | Build | House |
| 16:12 | Build | House |
| 16:13 | Queue | Villager (Male) |
| 16:16 | Build | Farm |
| 16:18 | Build | Farm |
| 16:23 | Queue | Villager (Male) |
| 16:34 | Research | Loom |
| 16:47 | Build | Farm |
| 16:48 | Build | Farm |
| 16:49 | Build | Farm |
| 16:50 | Build | Farm |
| 16:55 | Build | Farm |
| 16:56 | Queue | Villager (Male) |
| 17:08 | Queue | Villager (Male) |
| 17:14 | Queue | Warrior Priest |
| 17:19 | Build | Farm |
| 17:21 | Build | Farm |
| 17:22 | Build | Farm |
| 17:38 | Queue | Warrior Priest |
| 17:42 | Queue | Villager (Male) |
| 17:42 | Queue | Villager (Male) |
| 17:46 | Build | Farm |
| 17:47 | Build | Farm |
| 17:50 | Build | Farm |
| 17:53 | Build | House |
| 18:05 | Queue | Villager (Male) |
| 18:07 | Build | Farm |
| 18:09 | Queue | Villager (Male) |
| 18:10 | Build | Farm |
| 18:12 | Queue | Villager (Male) |
| 18:16 | Build | Farm |
| 18:17 | Build | Farm |
| 18:19 | Build | Farm |
| 18:22 | Research | Sanctity |
| 18:37 | Queue | Villager (Male) |
| 18:53 | Queue | Villager (Male) |
| 18:53 | Queue | Villager (Male) |
| 18:53 | Queue | Villager (Male) |
| 18:54 | Queue | Villager (Male) |
| 18:59 | Build | Farm |
| 19:02 | Build | Farm |
| 19:05 | Build | Farm |
| 19:05 | Queue | Villager (Male) |
| 19:07 | Build | House |
| 19:08 | Build | House |
| 19:10 | Queue | Villager (Male) |
| 19:11 | Queue | Villager (Male) |
| 19:19 | Research | Fervor |
| 19:29 | Build | Farm |
| 19:31 | Research | Heavy Plow |
| 19:32 | Queue | Villager (Male) |
| 19:36 | Build | Farm |
| 19:53 | Queue | Villager (Male) |
| 19:53 | Queue | Villager (Male) |
| 19:55 | Build | Farm |
| 19:57 | Build | Farm |
| 20:00 | Queue | Villager (Male) |
| 20:01 | Queue | Villager (Male) |
| 20:11 | Build | House |
| 20:12 | Build | House |
| 20:13 | Queue | Villager (Male) |
| 20:17 | Research | Town Watch |
| 20:33 | Queue | Monk |
| 20:47 | Queue | Villager (Male) |
| 20:47 | Queue | Villager (Male) |
| 20:48 | Research | Wheelbarrow |
| 20:53 | Build | Farm |
| 20:53 | Build | Farm |
| 21:08 | Queue | Villager (Male) |
| 21:08 | Queue | Villager (Male) |
| 21:15 | Build | House |
| 21:16 | Build | House |
| 21:16 | Build | House |
| 21:48 | Queue | Villager (Male) |
| 21:48 | Queue | Villager (Male) |
| 21:49 | Queue | Villager (Male) |
| 21:57 | Build | Outpost |
| 21:58 | Build | Outpost |
| 22:00 | Build | Outpost |
| 22:01 | Build | Outpost |
| 22:03 | Build | Outpost |
| 22:04 | Queue | Villager (Male) |
| 22:04 | Queue | Villager (Male) |
| 22:19 | Queue | Villager (Male) |
| 22:20 | Research | Hand Cart |
| 22:51 | Queue | Villager (Male) |
| 22:51 | Queue | Villager (Male) |
| 22:51 | Queue | Villager (Male) |
| 22:55 | Build | University |
| 22:56 | Build | House |
Build order — cosmolot
First 150 of 232 actions detected
| 0:02 | Queue | Villager (Male) |
| 0:02 | Queue | Villager (Male) |
| 0:02 | Queue | Villager (Male) |
| 0:02 | Queue | Villager (Male) |
| 0:04 | Build | House |
| 0:06 | Build | House |
| 1:34 | Queue | Villager (Male) |
| 1:54 | Build | Lumber Camp |
| 2:04 | Queue | Villager (Male) |
| 2:32 | Queue | Villager (Male) |
| 2:53 | Queue | Villager (Male) |
| 3:18 | Queue | Villager (Male) |
| 3:37 | Queue | Villager (Male) |
| 4:01 | Queue | Villager (Male) |
| 4:17 | Build | House |
| 4:38 | Queue | Villager (Male) |
| 4:44 | Build | Mill |
| 4:52 | Build | House |
| 5:10 | Queue | Villager (Male) |
| 5:10 | Queue | Villager (Male) |
| 5:26 | Build | House |
| 5:48 | Queue | Villager (Male) |
| 5:48 | Queue | Villager (Male) |
| 5:48 | Queue | Villager (Male) |
| 6:02 | Build | House |
| 6:30 | Queue | Villager (Male) |
| 6:45 | Queue | Villager (Male) |
| 6:49 | Build | House |
| 7:13 | Queue | Villager (Male) |
| 7:35 | Queue | Villager (Male) |
| 7:42 | Build | Lumber Camp |
| 7:43 | Queue | Villager (Male) |
| 7:53 | Build | Mining Camp |
| 8:08 | Queue | Villager (Male) |
| 8:11 | Queue | Villager (Male) |
| 8:15 | Queue | Villager (Male) |
| 8:39 | Queue | Villager (Male) |
| 8:40 | Queue | Villager (Male) |
| 8:56 | Queue | Villager (Male) |
| 8:57 | Queue | Villager (Male) |
| 11:06 | Research | Feudal Age |
| 12:03 | Build | Farm |
| 12:06 | Build | Farm |
| 12:10 | Build | Farm |
| 12:16 | Build | Farm |
| 12:26 | Build | Farm |
| 12:31 | Build | Farm |
| 12:36 | Build | Farm |
| 12:37 | Build | Farm |
| 13:30 | Queue | Villager (Male) |
| 13:30 | Queue | Villager (Male) |
| 14:06 | Age | Feudal Age |
| 14:09 | Build | Market |
| 14:12 | Build | Blacksmith |
| 15:00 | Research | Castle Age |
| 16:16 | Build | Farm |
| 16:18 | Build | Farm |
| 17:39 | Age | Castle Age |
| 17:43 | Build | Siege Workshop |
| 17:52 | Build | Monastery |
| 18:44 | Build | Barracks |
| 18:54 | Research | Imperial Age |
| 19:07 | Build | Town Center |
| 19:32 | Research | Double-Bit Axe |
| 19:49 | Research | Horse Collar |
| 20:23 | Build | Farm |
| 20:24 | Build | Farm |
| 20:25 | Queue | Villager (Male) |
| 20:25 | Queue | Villager (Male) |
| 20:25 | Queue | Villager (Male) |
| 20:35 | Build | Stable |
| 20:43 | Queue | Villager (Male) |
| 21:07 | Build | Stone Wall |
| 21:10 | Queue | Villager (Male) |
| 21:37 | Build | Stable |
| 21:42 | Research | Husbandry |
| 22:04 | Age | Imperial Age |
| 22:05 | Queue | Bombard Cannon |
| 22:26 | Build | Lumber Camp |
| 22:29 | Queue | Villager (Male) |
| 22:30 | Queue | Villager (Male) |
| 22:36 | Research | Wheelbarrow |
| 22:39 | Queue | Bombard Cannon |
| 22:59 | Queue | Villager (Male) |
| 23:01 | Queue | Villager (Male) |
| 23:08 | Queue | Villager (Male) |
| 23:19 | Build | Farm |
| 23:20 | Build | Farm |
| 23:22 | Queue | Villager (Male) |
| 23:25 | Queue | Bombard Cannon |
| 23:44 | Queue | Villager (Male) |
| 23:51 | Build | House |
| 23:53 | Build | House |
| 23:54 | Build | House |
| 23:55 | Build | House |
| 23:56 | Build | House |
| 24:13 | Queue | Villager (Male) |
| 24:13 | Queue | Villager (Male) |
| 24:48 | Build | Farm |
| 24:49 | Build | Farm |
| 24:50 | Queue | Villager (Male) |
| 24:50 | Queue | Villager (Male) |
| 25:35 | Queue | Villager (Male) |
| 25:35 | Queue | Villager (Male) |
| 25:38 | Build | Farm |
| 25:39 | Build | Farm |
| 25:40 | Build | Farm |
| 25:41 | Build | Farm |
| 25:42 | Queue | Villager (Male) |
| 25:42 | Queue | Villager (Male) |
| 26:01 | Research | Bloodlines |
| 26:19 | Build | Farm |
| 26:21 | Build | Farm |
| 26:23 | Queue | Villager (Male) |
| 26:23 | Queue | Villager (Male) |
| 26:26 | Build | House |
| 26:26 | Build | House |
| 26:27 | Build | House |
| 26:28 | Build | House |
| 26:29 | Build | House |
| 26:30 | Build | House |
| 26:30 | Build | House |
| 26:36 | Build | Farm |
| 26:54 | Build | Farm |
| 27:00 | Build | Farm |
| 27:01 | Queue | Villager (Male) |
| 27:01 | Queue | Villager (Male) |
| 27:20 | Queue | Camel Scout |
| 27:20 | Queue | Camel Scout |
| 27:20 | Queue | Camel Scout |
| 27:20 | Queue | Camel Scout |
| 27:21 | Queue | Camel Scout |
| 27:27 | Build | Farm |
| 27:30 | Build | Farm |
| 27:59 | Build | Farm |
| 28:01 | Build | Farm |
| 28:02 | Queue | Villager (Male) |
| 28:02 | Queue | Villager (Male) |
| 28:07 | Queue | Camel Scout |
| 28:08 | Queue | Camel Scout |
| 28:09 | Queue | Camel Scout |
| 29:20 | Queue | Knight |
| 29:20 | Queue | Knight |
| 29:20 | Queue | Knight |
| 30:02 | Queue | Villager (Male) |
| 30:02 | Queue | Villager (Male) |
| 30:02 | Queue | Villager (Male) |
| 30:09 | Build | Mining Camp |
| 30:10 | Queue | Villager (Male) |
| 30:11 | Queue | Villager (Male) |
Build order — Relief
First 150 of 304 actions detected
| 0:02 | Queue | Villager (Male) |
| 0:02 | Queue | Villager (Male) |
| 0:02 | Queue | Villager (Male) |
| 0:05 | Build | House |
| 0:07 | Build | House |
| 0:32 | Queue | Villager (Male) |
| 1:34 | Queue | Villager (Male) |
| 1:51 | Build | Lumber Camp |
| 2:00 | Queue | Villager (Male) |
| 2:14 | Queue | Villager (Male) |
| 2:47 | Queue | Villager (Male) |
| 3:04 | Queue | Villager (Male) |
| 3:34 | Queue | Villager (Male) |
| 3:50 | Build | House |
| 3:54 | Build | House |
| 4:13 | Queue | Villager (Male) |
| 4:16 | Build | Mill |
| 4:33 | Research | Loom |
| 4:40 | Queue | Villager (Male) |
| 5:04 | Queue | Villager (Male) |
| 5:23 | Queue | Villager (Male) |
| 5:35 | Queue | Villager (Male) |
| 6:15 | Build | Farm |
| 6:16 | Queue | Villager (Male) |
| 6:26 | Build | Farm |
| 6:30 | Build | Farm |
| 6:30 | Queue | Villager (Male) |
| 6:44 | Queue | Villager (Male) |
| 7:07 | Queue | Villager (Male) |
| 7:16 | Build | House |
| 8:09 | Build | Mining Camp |
| 8:37 | Queue | Villager (Male) |
| 8:37 | Queue | Villager (Male) |
| 9:15 | Queue | Villager (Male) |
| 9:15 | Research | Feudal Age |
| 9:36 | Build | Mining Camp |
| 10:05 | Build | Mill |
| 10:19 | Queue | Villager (Male) |
| 10:19 | Queue | Villager (Male) |
| 12:02 | Age | Feudal Age |
| 12:04 | Build | Market |
| 12:09 | Build | Blacksmith |
| 12:57 | Research | Castle Age |
| 13:10 | Build | House |
| 13:35 | Build | Farm |
| 13:45 | Research | Double-Bit Axe |
| 13:47 | Research | Horse Collar |
| 13:58 | Build | Farm |
| 14:28 | Research | Heavy Plow |
| 15:37 | Age | Castle Age |
| 15:39 | Build | Monastery |
| 15:51 | Build | Castle |
| 15:58 | Research | Forging |
| 16:01 | Queue | Villager (Male) |
| 16:02 | Queue | Villager (Male) |
| 16:34 | Queue | Monk |
| 16:53 | Research | Scale Barding Armor |
| 16:56 | Queue | Villager (Male) |
| 16:57 | Queue | Villager (Male) |
| 17:12 | Build | House |
| 17:22 | Queue | Coustillier |
| 17:23 | Queue | Coustillier |
| 17:27 | Build | Farm |
| 17:32 | Build | Farm |
| 17:36 | Build | Farm |
| 17:49 | Queue | Coustillier |
| 17:50 | Queue | Villager (Male) |
| 17:54 | Build | House |
| 18:09 | Queue | Coustillier |
| 18:11 | Queue | Villager (Male) |
| 18:19 | Queue | Villager (Male) |
| 18:24 | Build | House |
| 18:31 | Queue | Villager (Male) |
| 19:02 | Queue | Villager (Male) |
| 19:02 | Queue | Villager (Male) |
| 19:05 | Build | House |
| 19:20 | Build | Town Center |
| 19:57 | Queue | Villager (Male) |
| 19:57 | Queue | Villager (Male) |
| 19:57 | Queue | Villager (Male) |
| 20:29 | Queue | Coustillier |
| 20:30 | Queue | Coustillier |
| 20:30 | Queue | Coustillier |
| 20:30 | Queue | Coustillier |
| 20:37 | Build | Town Center |
| 20:44 | Build | House |
| 20:47 | Queue | Coustillier |
| 21:04 | Build | Farm |
| 21:06 | Queue | Villager (Male) |
| 21:06 | Queue | Villager (Male) |
| 21:35 | Queue | Coustillier |
| 21:35 | Queue | Coustillier |
| 21:43 | Build | Farm |
| 21:45 | Build | House |
| 21:48 | Build | Farm |
| 21:51 | Build | Farm |
| 21:56 | Queue | Villager (Male) |
| 21:57 | Research | Loom |
| 22:18 | Queue | Coustillier |
| 22:22 | Build | Farm |
| 22:26 | Build | House |
| 22:27 | Build | House |
| 22:31 | Queue | Villager (Male) |
| 22:31 | Queue | Villager (Male) |
| 22:39 | Build | Farm |
| 22:44 | Build | Lumber Camp |
| 22:56 | Queue | Coustillier |
| 22:56 | Queue | Coustillier |
| 23:12 | Build | Farm |
| 23:20 | Build | Farm |
| 23:30 | Build | House |
| 23:31 | Queue | Villager (Male) |
| 23:32 | Queue | Villager (Male) |
| 23:37 | Build | Barracks |
| 23:38 | Queue | Villager (Male) |
| 23:38 | Queue | Villager (Male) |
| 23:51 | Queue | Villager (Male) |
| 23:59 | Research | Wheelbarrow |
| 24:02 | Build | Farm |
| 24:06 | Research | Gold Mining |
| 24:12 | Build | Farm |
| 24:18 | Build | Farm |
| 24:31 | Queue | Villager (Male) |
| 24:31 | Queue | Villager (Male) |
| 24:37 | Build | Farm |
| 24:40 | Build | Farm |
| 24:44 | Build | Farm |
| 24:47 | Build | Farm |
| 24:53 | Build | Farm |
| 25:13 | Queue | Petard |
| 25:13 | Queue | Petard |
| 25:14 | Queue | Petard |
| 25:18 | Build | Farm |
| 25:22 | Build | Farm |
| 25:28 | Queue | Villager (Male) |
| 25:29 | Queue | Villager (Male) |
| 25:34 | Queue | Villager (Male) |
| 25:34 | Queue | Villager (Male) |
| 25:43 | Build | Stable |
| 26:20 | Queue | Coustillier |
| 26:20 | Queue | Coustillier |
| 26:24 | Build | Farm |
| 26:27 | Build | Farm |
| 26:30 | Build | Farm |
| 26:53 | Build | Farm |
| 26:55 | Queue | Coustillier |
| 26:56 | Queue | Coustillier |
| 27:01 | Build | Farm |
| 27:04 | Build | House |
| 27:07 | Research | Husbandry |
Build order — Heztai
First 150 of 335 actions detected
| 0:02 | Queue | Villager (Male) |
| 0:02 | Queue | Villager (Male) |
| 0:02 | Queue | Villager (Male) |
| 0:02 | Queue | Villager (Male) |
| 0:03 | Build | House |
| 0:04 | Build | House |
| 1:27 | Queue | Villager (Male) |
| 1:27 | Queue | Villager (Male) |
| 1:57 | Build | Lumber Camp |
| 2:10 | Queue | Villager (Male) |
| 2:10 | Queue | Villager (Male) |
| 2:18 | Queue | Villager (Male) |
| 2:19 | Queue | Villager (Male) |
| 2:56 | Queue | Villager (Male) |
| 2:57 | Queue | Villager (Male) |
| 3:07 | Queue | Villager (Male) |
| 3:07 | Queue | Villager (Male) |
| 3:13 | Build | House |
| 3:15 | Build | House |
| 3:16 | Build | House |
| 3:38 | Queue | Villager (Male) |
| 3:39 | Queue | Villager (Male) |
| 4:07 | Queue | Villager (Male) |
| 4:07 | Queue | Villager (Male) |
| 4:07 | Queue | Villager (Male) |
| 4:35 | Queue | Villager (Male) |
| 4:35 | Queue | Villager (Male) |
| 4:36 | Queue | Villager (Male) |
| 4:39 | Build | Mill |
| 5:01 | Queue | Villager (Male) |
| 5:01 | Queue | Villager (Male) |
| 5:14 | Queue | Villager (Male) |
| 5:14 | Queue | Villager (Male) |
| 5:15 | Queue | Villager (Male) |
| 5:59 | Queue | Villager (Male) |
| 5:59 | Queue | Villager (Male) |
| 5:59 | Queue | Villager (Male) |
| 5:59 | Queue | Villager (Male) |
| 5:59 | Queue | Villager (Male) |
| 6:31 | Queue | Villager (Male) |
| 6:31 | Queue | Villager (Male) |
| 7:43 | Build | Mining Camp |
| 8:13 | Research | Feudal Age |
| 8:37 | Queue | Villager (Male) |
| 8:38 | Queue | Villager (Male) |
| 8:39 | Research | Loom |
| 9:47 | Build | Mill |
| 10:00 | Build | House |
| 10:39 | Age | Feudal Age |
| 10:59 | Build | Market |
| 11:06 | Build | Blacksmith |
| 12:20 | Research | Castle Age |
| 12:44 | Build | Farm |
| 12:45 | Build | Farm |
| 12:46 | Build | Farm |
| 12:48 | Build | Farm |
| 12:49 | Build | Farm |
| 12:52 | Build | Farm |
| 13:10 | Build | Farm |
| 14:41 | Research | Wheelbarrow |
| 14:45 | Research | Double-Bit Axe |
| 15:00 | Age | Castle Age |
| 15:04 | Build | Town Center |
| 15:13 | Queue | Villager (Male) |
| 15:33 | Research | Horse Collar |
| 15:42 | Queue | Villager (Male) |
| 15:43 | Queue | Villager (Male) |
| 15:54 | Queue | Villager (Male) |
| 15:55 | Queue | Villager (Male) |
| 16:25 | Queue | Villager (Male) |
| 16:35 | Build | Town Center |
| 16:45 | Queue | Villager (Male) |
| 17:08 | Queue | Villager (Male) |
| 17:29 | Build | Siege Workshop |
| 17:33 | Queue | Villager (Male) |
| 17:34 | Queue | Villager (Male) |
| 17:43 | Build | Farm |
| 17:48 | Queue | Villager (Male) |
| 17:53 | Build | Farm |
| 18:04 | Queue | Villager (Male) |
| 18:05 | Queue | Villager (Male) |
| 18:26 | Queue | Villager (Male) |
| 18:27 | Queue | Villager (Male) |
| 18:28 | Build | House |
| 18:31 | Build | House |
| 18:33 | Build | House |
| 18:41 | Build | Farm |
| 18:42 | Build | Farm |
| 18:56 | Queue | Battering Ram |
| 18:59 | Queue | Villager (Male) |
| 19:00 | Queue | Villager (Male) |
| 19:00 | Queue | Villager (Male) |
| 19:06 | Build | House |
| 19:16 | Queue | Villager (Male) |
| 19:16 | Queue | Villager (Male) |
| 19:32 | Build | Castle |
| 19:41 | Build | Farm |
| 19:42 | Build | Farm |
| 19:44 | Build | Farm |
| 19:48 | Build | Farm |
| 19:51 | Build | Farm |
| 19:54 | Queue | Villager (Male) |
| 19:54 | Queue | Villager (Male) |
| 19:54 | Queue | Villager (Male) |
| 20:00 | Queue | Villager (Male) |
| 20:01 | Queue | Villager (Male) |
| 20:08 | Queue | Villager (Male) |
| 20:09 | Queue | Villager (Male) |
| 20:24 | Queue | Villager (Male) |
| 20:25 | Queue | Villager (Male) |
| 20:42 | Build | Farm |
| 20:42 | Build | Farm |
| 20:51 | Build | Farm |
| 20:53 | Queue | Villager (Male) |
| 20:54 | Queue | Villager (Male) |
| 20:54 | Queue | Villager (Male) |
| 20:54 | Queue | Villager (Male) |
| 20:56 | Queue | Battering Ram |
| 21:15 | Build | Farm |
| 21:16 | Build | Farm |
| 21:17 | Build | Farm |
| 21:18 | Build | Farm |
| 21:24 | Queue | Villager (Male) |
| 21:24 | Queue | Villager (Male) |
| 21:24 | Queue | Villager (Male) |
| 21:29 | Build | Farm |
| 21:33 | Queue | Villager (Male) |
| 21:33 | Queue | Villager (Male) |
| 21:46 | Build | Farm |
| 21:52 | Queue | Villager (Male) |
| 21:53 | Queue | Villager (Male) |
| 21:53 | Queue | Villager (Male) |
| 22:04 | Queue | Villager (Male) |
| 22:05 | Queue | Villager (Male) |
| 22:10 | Queue | Villager (Male) |
| 22:10 | Queue | Villager (Male) |
| 22:30 | Queue | Villager (Male) |
| 22:30 | Queue | Villager (Male) |
| 22:45 | Build | Town Center |
| 23:03 | Build | Barracks |
| 23:12 | Research | First Crusade |
| 23:36 | Build | Town Center |
| 23:50 | Research | Scale Mail Armor |
| 23:55 | Queue | Spearman |
| 23:55 | Queue | Spearman |
| 23:56 | Queue | Spearman |
| 24:08 | Queue | Villager (Male) |
| 24:11 | Research | Forging |
| 24:28 | Build | Stone Wall |
| 24:35 | Build | Gate |
Match timeline
| 9:04 | Quando · wall_segment Palisade Wall x4 |
| 9:52 | Fr4ggi · first_building Barracks |
| 10:39 | Heztai · age_up feudal |
| 10:56 | Quando · age_up feudal |
| 11:02 | JAGR | Rojnar · age_up feudal |
| 11:09 | PJtheDcoy · age_up feudal |
| 11:20 | Fr4ggi · age_up feudal |
| 11:23 | aoelot · age_up feudal |
| 12:02 | Relief · age_up feudal |
| 12:41 | Fr4ggi · first_building Stable |
| 13:45 | JAGR | Rojnar · first_market_buy 100 food |
| 14:06 | cosmolot · age_up feudal |
| 14:26 | Quando · age_up castle |
| 14:32 | Quando · first_building Monastery |
| 14:50 | aoelot · age_up castle |
| 15:00 | Heztai · age_up castle |
| 15:10 | JAGR | Rojnar · first_building Barracks |
| 15:23 | aoelot · first_building Castle |
| 15:32 | PJtheDcoy · age_up castle |
| 15:37 | Relief · age_up castle |
| 15:39 | Relief · first_building Monastery |
| 15:51 | Relief · first_building Castle |
| 16:06 | Fr4ggi · age_up castle |
| 16:07 | JAGR | Rojnar · first_building Stable |
| 16:19 | PJtheDcoy · first_building Castle |
| 16:37 | JAGR | Rojnar · age_up castle |
| 16:58 | PJtheDcoy · wall_segment Stone Wall x1 |
| 17:03 | Heztai · first_market_buy 100 stone |
| 17:05 | JAGR | Rojnar · first_building Monastery |
| 17:29 | Heztai · first_building Siege Workshop |
| 17:39 | cosmolot · age_up castle |
| 17:43 | cosmolot · first_building Siege Workshop |
| 17:52 | PJtheDcoy · wall_segment Stone Wall x7 |
| 17:52 | cosmolot · first_building Monastery |
| 18:06 | PJtheDcoy · first_building Barracks |
| 18:14 | PJtheDcoy · wall_segment Stone Wall x1 |
| 18:17 | PJtheDcoy · wall_segment Stone Wall x1 |
| 18:18 | PJtheDcoy · wall_segment Stone Wall x1 |
| 18:30 | PJtheDcoy · wall_segment Stone Wall x4 |
| 18:44 | cosmolot · first_building Barracks |
| 18:47 | PJtheDcoy · first_building Archery Range |
| 18:53 | cosmolot · first_market_sell 100 wood |
| 19:32 | Heztai · first_building Castle |
| 20:35 | cosmolot · first_building Stable |
| 20:44 | aoelot · wall_segment Stone Wall x4 |
| 21:07 | cosmolot · wall_segment Stone Wall x3 |
| 22:04 | cosmolot · age_up imperial |
| 22:53 | PJtheDcoy · wall_segment Stone Wall x4 |
| 23:03 | Heztai · first_building Barracks |
| 23:37 | Relief · first_building Barracks |
| 23:56 | aoelot · wall_segment Stone Wall x4 |
| 24:01 | JAGR | Rojnar · first_building Castle |
| 24:28 | Heztai · wall_segment Stone Wall x8 |
| 24:37 | Quando · first_building Barracks |
| 25:02 | Heztai · first_building Donjon |
| 25:43 | Relief · first_building Stable |
| 25:50 | Quando · first_building Castle |
| 26:07 | Quando · first_building Archery Range |
| 26:26 | Fr4ggi · first_building Siege Workshop |
| 26:49 | PJtheDcoy · wall_segment Stone Wall x8 |
| 27:08 | Quando · age_up imperial |
| 27:36 | Quando · first_building Siege Workshop |
| 28:02 | aoelot · first_market_sell 500 wood |
| 28:23 | Relief · first_market_sell 100 food |
| 29:33 | JAGR | Rojnar · age_up imperial |
| 31:34 | cosmolot · tribute_sent a jugador 1 |
| 31:34 | cosmolot · tribute_sent a jugador 2 |
| 31:34 | cosmolot · tribute_sent a jugador 3 |
| 31:34 | cosmolot · tribute_sent a jugador 4 |
| 31:34 | cosmolot · tribute_sent a jugador 6 |
| 31:34 | cosmolot · tribute_sent a jugador 7 |
| 31:34 | cosmolot · tribute_sent a jugador 8 |
| 31:43 | aoelot · wall_segment Stone Wall x2 |
| 32:33 | JAGR | Rojnar · first_market_sell 100 food |
| 32:38 | Fr4ggi · age_up imperial |
| 32:40 | Heztai · first_market_sell 500 wood |
| 33:27 | Relief · age_up imperial |
| 33:53 | Fr4ggi · first_building Castle |
| 35:23 | Heztai · first_building Archery Range |
| 36:10 | PJtheDcoy · wall_segment Stone Wall x8 |
| 36:27 | PJtheDcoy · wall_segment Stone Wall x17 |
| 36:54 | Heztai · age_up imperial |
| 37:26 | JAGR | Rojnar · resign |
| 37:45 | Fr4ggi · first_market_sell 500 food |
| 38:09 | PJtheDcoy · wall_segment Stone Wall x17 |
| 38:26 | Quando · tribute_sent a jugador 1 |
| 38:26 | Quando · tribute_sent a jugador 2 |
| 38:26 | Quando · tribute_sent a jugador 3 |
| 38:26 | Quando · tribute_sent a jugador 5 |
| 38:26 | Quando · tribute_sent a jugador 6 |
| 38:26 | Quando · tribute_sent a jugador 7 |
| 38:26 | Quando · tribute_sent a jugador 8 |
| 42:38 | Heztai · wall_segment Stone Wall x13 |
| 42:45 | Heztai · wall_segment Stone Wall x9 |
| 42:46 | Heztai · wall_segment Stone Wall x6 |
| 42:53 | Heztai · wall_segment Stone Wall x9 |
| 42:54 | Heztai · wall_segment Stone Wall x4 |
| 43:22 | Heztai · wall_segment Stone Wall x10 |
| 43:36 | Heztai · wall_segment Stone Wall x8 |
| 43:38 | Heztai · wall_segment Stone Wall x4 |
| 44:44 | Heztai · wall_segment Stone Wall x11 |
| 45:16 | Heztai · wall_segment Stone Wall x1 |
| 45:23 | Heztai · wall_segment Stone Wall x1 |
| 45:39 | PJtheDcoy · first_building Stable |
| 45:41 | Heztai · wall_segment Stone Wall x1 |
| 46:08 | Heztai · wall_segment Stone Wall x13 |
| 46:17 | Heztai · wall_segment Stone Wall x5 |
| 46:26 | Heztai · wall_segment Stone Wall x4 |
| 47:05 | Heztai · wall_segment Stone Wall x13 |
| 47:39 | Heztai · wall_segment Stone Wall x6 |
| 48:20 | Heztai · wall_segment Stone Wall x11 |
| 48:35 | Heztai · wall_segment Stone Wall x6 |
| 49:09 | Heztai · wall_segment Stone Wall x10 |
| 49:11 | Heztai · wall_segment Stone Wall x7 |
| 49:49 | Heztai · wall_segment Stone Wall x7 |
| 49:58 | Heztai · wall_segment Stone Wall x8 |
| 50:23 | Heztai · wall_segment Stone Wall x9 |
| 50:27 | Heztai · wall_segment Stone Wall x2 |
[ AI ANALYSIS · 1 CREDIT ]
What really happened in this match?
Wolo.gg analyzes every decision: build order, eco, micro, common mistakes by bracket. Personalized analysis on WhatsApp or Discord in 30 seconds.
Civ guide
Persians
Perfil
Jugador #6051949